 Dungeon Crawl Stone Soup version 0.29-a0-360-g8ed1089bbe (webtiles) character file.

Game seed: 5826135186639041972

28 sammy202020 the Skirmisher (level 3, -2/24 HPs)
             Began as a Gargoyle Fighter on Apr 29, 2022.
             Slain by Sigmund
             ... wielding a +0 scythe
              (3 damage)
             ... on level 2 of the Dungeon.
             The game lasted 00:02:04 (1269 turns).

sammy202020 the Skirmisher (Gargoyle Fighter)       Turns: 1269, Time: 00:02:05

Health: -2/24      AC: 14    Str: 19    XL:     3   Next: 12%
Magic:  3/3        EV:  7    Int: 10    God:
Gold:   85         SH:  4    Dex:  9    Spells: 2/2 levels left

rFire   . . .      SeeInvis .   f - +2 whip (vamp)
rCold   . . .      Faith    .   c - +0 buckler
rNeg    + . .      Spirit   .   p - +0 chain mail
rPois   ∞          Reflect  .   (no helmet)
rElec   +          Harm     .   (no cloak)
rCorr   .          Rampage  .   o - +1 pair of gloves
Will    .....                   (no boots)
Stlth   ..........              (no amulet)
HPRegen 0.08/turn               (no ring)
MPRegen 0.08/turn               (no ring)

@: no status effects
A: sickness immunity, AC +3, negative energy resistance 1, electricity
resistance, torment resistance 1, petrification resistance
a: no special abilities


You were on level 2 of the Dungeon.
You visited 1 branch of the dungeon, and saw 2 of its levels.

You collected 85 gold pieces.

Inventory:

Hand Weapons
 a - a +0 flail
 f - a +2 vampiric whip (weapon)
Missiles
 j - 5 boomerangs (quivered)
Armour
 c - a +0 buckler (worn)
 o - a +1 pair of gloves (worn)
 p - a +0 chain mail (worn)
Potions
 d - a potion of might
 e - 3 potions of brilliance {unknown}
 g - 2 potions of curing {unknown}
 h - a potion of resistance {unknown}
 i - a potion of berserk rage {unknown}
 k - a potion of ambrosia {unknown}
 l - a potion of cancellation {unknown}
 m - a potion of heal wounds
 n - 2 potions of mutation {unknown}


   Skills:
 * Level 3.8 Fighting
 * Level 2.5 Maces & Flails
 + Level 3.5 Armour
 + Level 3.5 Shields


You had 2 spell levels left.
You didn't know any spells.
Your spell library was empty.

Dungeon Overview and Level Annotations

Branches:
Dungeon (2/15)

Altars:

Annotations:
D:2 Sigmund


Innate Abilities, Weirdness & Mutations

You are immune to sickness and miasma.
Your stone body is resilient. (AC +3)
You are immune to poison.
You resist negative energy. (rN+)
You are resistant to electric shocks. (rElec)
You are resistant to unholy torment.
You are immune to petrification.


Message History

You closely miss Sigmund. Sigmund gestures at you while chanting.
The magic dart hits you.
You hit Sigmund but do no damage. Sigmund barely misses you.
You whack Sigmund!
Sigmund is moderately wounded.
You hit Sigmund.
You feel better.
Sigmund is moderately wounded.
Sigmund hits you but does no damage.
You hit Sigmund but do no damage.
Sigmund is moderately wounded.
Sigmund hits you but does no damage.
You barely miss Sigmund.
Sigmund is moderately wounded.
You hit Sigmund but do no damage.
Sigmund is moderately wounded.
Sigmund barely misses you.
You barely miss Sigmund.
Sigmund is moderately wounded.
Sigmund gestures wildly while chanting.
Sigmund flickers and vanishes!
Deactivating autopickup; reactivate with Ctrl-A.
You miss something.
You hear some strange, mumbled words.
A magic dart appears from out of thin air!
The magic dart hits you but does no damage.
You hit something. Something hits you but does no damage.
You hit something. You closely miss something.
You hear some strange, mumbled words.
A magic dart appears from out of thin air!
The magic dart hits you.
You hear some strange, mumbled words.
A puff of flame appears from out of thin air!
The puff of flame hits you.
You closely miss something. Something hits you!
* * * LOW HITPOINT WARNING * * *
You closely miss something. You closely miss something. Something hits you.
You die...

#.. ############
#..##...@.......
#..##.###{######
#.....# ..#
#..##.###..#
#..#.......#
#..#.####..#
#......# ..#
#####.)#.#.##..#
#.....(........


There were no monsters in sight!

Vanquished Creatures
  A ball python (D:1)
  A bat (D:1)
  2 endoplasms
  2 giant cockroaches
  2 goblins (D:1)
  3 hobgoblins (D:1)
  3 jackals (D:2)
  5 frilled lizards (D:1)
  3 kobolds
  3 rats (D:1)
25 creatures vanquished.

Notes
Turn   | Place    | Note
-------+----------+-------------------------------------------
     0 | D:1      | sammy202020 the Gargoyle Fighter began the quest for the
                  | Orb.
     0 | D:1      | Reached XP level 1. HP: 14/14 MP: 1/1
   378 | D:1      | Reached XP level 2. HP: 19/19 MP: 2/2
   989 | D:1      | Found a faded altar of an unknown god.
  1188 | D:2      | Reached XP level 3. HP: 24/24 MP: 3/3
  1246 | D:2      | Noticed Sigmund
  1267 | D:2      | HP: 1/24 [something (7)]
  1269 | D:2      | Slain by Sigmund

Illustrated notes

Levels and vault maps discovered:
D:1:      nicolae_arrival_washed_ashore, layout_loops_ring,
          hellmonk_ecumenical_altar_leap_of_faith,
          wander_ebering_terrifying_dragon_lair
D:2:      layout_loops_ring, basic_altar, minmay_misc_feat_cross, minmay_cupped,
          uniq_sigmund, uniq_terence

Action                   || total
-------------------------++-------
Melee: Whip              ||   105
  Use: Scroll            ||     1
Armor: Scale mail        ||    28
       Chain mail        ||     9
Dodge: Dodged            ||    37
Block: Buckler           ||    12

Table legend: (Time is in decaauts)
 A = Elapsed time spent in this place.
 B = Non-inter-level travel time spent in this place.
 C = Inter-level travel time spent in this place.
 D = Time resting spent in this place.
 E = Time spent auto-exploring this place.
 F = Levels seen in this place.
 G = Mean time per level.
                   A        B        C        D        E       F      G
               +--------+--------+--------+--------+--------+-----+--------+
         Total |   1271 |   1271 |      0 |      0 |    978 |   2 |  635.5 |
       Dungeon |   1271 |   1271 |      0 |      0 |    978 |   2 |  635.5 |
               +--------+--------+--------+--------+--------+-----+--------+

Top non-repeatable levels by time:
     D:1: 1156 daAuts
     D:2: 114 daAuts
